 Dungeon Crawl Stone Soup version 0.20.0-9-g8272e65 (webtiles) character file.

44 Deadhouse the Skirmisher (level 3, -1/30 HPs)
             Began as a Demonspawn Wanderer on June 2, 2017.
             Was a Follower of Vehumet.
             Killed from afar by Ijyb (5 damage)
             ... with a wand of flame (?/48)
             ... on level 3 of the Dungeon.
             The game lasted 00:02:47 (1569 turns).

Deadhouse the Skirmisher (Demonspawn Wanderer)      Turns: 1569, Time: 00:02:47

Health: -1/30      AC:  3    Str: 11    XL:     3   Next: 39%
Magic:  3/3        EV: 12    Int: 14    God:    Vehumet [*.....]
Gold:   25         SH:  0    Dex: 13    Spells: 2/2 levels left

rFire    . . .     SeeInvis .   c - +0 falchion
rCold    . . .     Gourm    .   (no shield)
rNeg     . . .     Faith    .   e - +0 robe
rPois    .         Spirit   .   (no helmet)
rElec    .         Reflect  .   (no cloak)
rCorr    .         Harm     .   l - +0 pair of gloves
MR       .....                  (no boots)
Stlth    ++........             (no amulet)
Regen    0.1/turn               (no ring)
MPRegen  0.1/turn               (no ring)

@: no status effects
A: talons 1
a: Renounce Religion


You were on level 3 of the Dungeon.
You worshipped Vehumet.
Vehumet was aware of your devotion.
You were not hungry.

You visited 1 branch of the dungeon, and saw 3 of its levels.

You collected 25 gold pieces.

Inventory:

Hand Weapons
 c - a +0 falchion (weapon)
 f - a +0 dagger
Armour
 e - a +0 robe (worn)
 l - a +0 pair of gloves (worn)
Scrolls
 a - a scroll of blinking
 i - a scroll of enchant armour {unknown}
 j - a scroll of identify {unknown}
 k - 2 scrolls of remove curse {unknown}
 m - a scroll of magic mapping {unknown}
 n - a scroll of teleportation {unknown}
Potions
 b - 2 potions of heal wounds
 d - a potion of lignification
Comestibles
 g - a bread ration
 h - a chunk of flesh


   Skills:
 - Level 4.0 Fighting
 + Level 2.5 Long Blades
 - Level 0.6 Armour
 - Level 1.7 Dodging
 - Level 1.7 Stealth
   Level 1.0 Shields
 - Level 1.0 Unarmed Combat


You had 2 spell levels left.
You didn't know any spells.

Dungeon Overview and Level Annotations

Branches:
Dungeon (2/15)

Altars:
Vehumet

Annotations:
D:3 Ijyb


Innate Abilities, Weirdness & Mutations

You have sharp toenails.


Message History

The rat bites you but does no damage.
You are too injured to fight recklessly!
You are too injured to fight recklessly!
You are too injured to fight recklessly!
You are too injured to fight recklessly!
You are too injured to fight recklessly!
You are too injured to fight recklessly!
You hit the worm.
The worm is moderately wounded.
Ijyb zaps a wand.
The puff of flame hits you!
* * * LOW HITPOINT WARNING * * *
The rat misses you. The worm bites you but does no damage.
You hit the worm.
The worm is moderately wounded.
Ijyb zaps a wand.
The puff of flame misses you. The rat bites you.
* * * LOW HITPOINT WARNING * * *
You hit the worm.
The worm is heavily wounded.
Ijyb zaps a wand.
The puff of flame hits you!
You die...

...................#
...................#
...................#
...................#
..............#
......8....$..##########
.....8_8...(............
......8.................
................@g......
................rw......
#############...........
#...........
#...#######. #..## #..
#..


You could see Ijyb, a worm and a rat.

Vanquished Creatures
  A worm (D:2)
  6 dart slugs (D:1)
  A leopard gecko (D:1)
  A giant cockroach (D:1)
  4 goblins
  3 hobgoblins (D:1)
  2 jackals (D:1)
  2 kobolds (D:1)
  4 bats
  2 frilled lizards (D:1)
  A rat (D:1)
27 creatures vanquished.

Notes
Turn   | Place    | Note
-------+----------+-------------------------------------------
     0 | D:1      | Deadhouse the Demonspawn Wanderer began the quest for the Orb.
     0 | D:1      | Deadhouse set off with: a scroll of blinking, a potion of heal wounds, a +0 falchion, a potion of lignification, a +0 robe, a +0 dagger, a bread ration
     0 | D:1      | Reached XP level 1. HP: 19/19 MP: 1/1
   127 | D:1      | Reached skill level 1 in Long Blades
   223 | D:1      | Gained mutation: You have sharp toenails. [demonic ancestry]
   223 | D:1      | Reached XP level 2. HP: 23/25 MP: 2/2
   708 | D:1      | Reached XP level 3. HP: 19/30 MP: 3/3
  1515 | D:2      | You fall through a shaft!
  1526 | D:3      | Found a faded altar of an unknown god.
  1548 | D:3      | Became a worshipper of Vehumet
  1548 | D:3      | Reached * piety under Vehumet
  1548 | D:3      | Offered knowledge of Shock by Vehumet.
  1554 | D:3      | Noticed Ijyb
  1569 | D:3      | Killed from afar by Ijyb

Skill      XL: |  1  2 |
---------------+-------+-----
Long Blades    | 1 2 |  2.5
Fighting       | |  4.0
Armour         | |  0.6
Dodging        | |  1.7
Stealth        | |  1.7
Shields        | |  1.0
Unarmed Combat | |  1.0

Action                   || total
-------------------------++-------
Melee: Falchion          ||    97
       Kick              ||    20
       Punch             ||     2
  Use: Potion            ||     3
  Eat: Chunk             ||     2
Armor: Robe              ||    17
Dodge: Dodged            ||    71
       Rpst.: Falchion   ||    16
